 Dungeon Crawl Stone Soup version 0.27.1-34-g3ba077fa99 (webtiles) character file.

Game seed: 2023735456746594440

9 cbfl8 the Skirmisher (level 2, -2/30 HPs)
             Began as a Minotaur Wanderer on Jan 17, 2022.
             Killed from afar by an orc wizard (3 damage)
             ... with a magic dart
             ... on level 2 of the Dungeon.
             The game lasted 00:01:10 (661 turns).

cbfl8 the Skirmisher (Minotaur Wanderer)             Turns: 661, Time: 00:01:11

Health: -2/30      AC:  6    Str: 16    XL:     2   Next: 6%
Magic:  1/1        EV:  7    Int:  9    God:
Gold:   12         SH:  8    Dex:  9    Spells: 1/1 levels left

rFire    . . .     SeeInvis .   i - +2 dagger (elec)
rCold    . . .     Faith    .   b - +0 kite shield
rNeg     . . .     Spirit   .   g - +0 scale mail
rPois    .         Reflect  .   (helmet restricted)
rElec    .         Harm     .   (no cloak)
rCorr    .         Rampage  .   (no gloves)
Will     .....                  (no boots)
Stlth    ..........             (no amulet)
HPRegen  0.10/turn              (no ring)
MPRegen  0.07/turn              (no ring)

@: no status effects
A: horns 2, retaliatory headbutt
a: no special abilities


You were on level 2 of the Dungeon.
You visited 1 branch of the dungeon, and saw 2 of its levels.

You collected 12 gold pieces.

Inventory:

Hand Weapons
 a - a +0 spear
 i - a +2 dagger of electrocution (weapon)
Armour
 b - a +0 kite shield (worn)
 d - a +0 robe
 g - a +0 scale mail (worn)
Scrolls
 e - a scroll of enchant armour {unknown}
 f - a scroll of identify {unknown}
 h - a scroll of fear {unknown}
Potions
 c - a potion of curing


   Skills:
 + Level 6.3 Fighting
 + Level 1.2 Armour
 + Level 1.3 Dodging
 + Level 1.0 Stealth
 + Level 2.8 Shields


You had one spell level left.
You didn't know any spells.
Your spell library contained the following spells:

 Spells                   Type           Power      Damage    Failure   Level
 Magic Dart               Conj           0%         1d3       100%        1
 Searing Ray              Conj           0%         3d3       100%        2
 Fulminant Prism          Conj/Hex       0%         3d6       100%        4


Dungeon Overview and Level Annotations

Branches:
Dungeon (1/15)

Altars:


Innate Abilities, Weirdness & Mutations

You have a pair of horns on your head.
You reflexively headbutt those who attack you in melee.


Message History

The shaft crumbles and collapses.
Found a mace.
Found 17 gold pieces.
An orc priest comes into view. It is wielding a +0 hand axe.
The orc priest shouts!
You hear a shout! x2
An orc wizard comes into view. It is wielding a +0 dagger of venom.
An orc comes into view. It is wielding a +0 short sword.
The orc priest moves out of view.
You see here a +0 mace.
An orc priest comes into view. It is wielding a +0 short sword.
The orc priest shouts!
An orc comes into view. It is wielding a +0 dagger.
You hit the orc. Lightning courses through the orc!
You kill the orc!
You have reached level 2!
Things that are here:
a +0 dagger; an orc corpse
Found a stone staircase leading down.
The orc priest shouts!
The orc wizard shouts!
You hear a shout!
The orc shouts!
Things that are here:
a +0 dagger; an orc corpse The orc wizard gestures at you while chanting.
You are confused.
The orc priest invokes the aid of Beogh against you.
Beogh smites you!
The orc priest looks encouraged for a moment.
The orc priest casts a cantrip, but nothing happens.
The orc priest miscasts a cantrip.
You feel less confused.
The orc priest mumbles some strange prayers to Beogh against you.
Beogh smites you!
The orc priest calls down the wrath of Beogh upon you.
Beogh smites you!
* * * LOW HITPOINT WARNING * * *
You block the orc wizard's attack.
The orc priest miscasts a cantrip.
The orc wizard points at you and mumbles some strange words.
The magic dart hits you.
You die...

.........# ..#..##.#
......... ...###.#
........#########..#
.........)........##
..............oo...#
.......#....o....#.#
.........#######o#.#
########## #.#.#
#@#.# #.#.# #.#.#
#.# #.# #.# ..# ###


You could see an orc priest and an orc wizard.

Vanquished Creatures
  An orc (D:2)
  2 bats (D:1)
  2 goblins (D:1)
  A hobgoblin (D:1)
  A quokka (D:1)
7 creatures vanquished.

Notes
Turn   | Place    | Note
-------+----------+-------------------------------------------
     0 | D:1      | cbfl8 the Minotaur Wanderer began the quest for the Orb.
     0 | D:1      | cbfl8 set off with the following items: a +0 spear, a +0
                  | kite shield, a potion of curing, a +0 robe
     0 | D:1      | Reached XP level 1. HP: 24/24 MP: 0/0
   501 | D:1      | You fall into a shaft and drop 1 floor!
   547 | D:2      | Noticed an orc priest
   547 | D:2      | Noticed an orc wizard
   627 | D:2      | Noticed an orc priest
   643 | D:2      | Reached XP level 2. HP: 30/30 MP: 1/1
   657 | D:2      | HP: 1/30 [orc priest/divine providence (10)]
   661 | D:2      | Killed from afar by an orc wizard

Illustrated notes

Levels and vault maps discovered:
D:1:      saegor_arrival_miasma, layout_basic,
          dreamdust_ecumenical_altar_drowned_temple
D:2:      cheibrodos_pilgrimage, layout_basic, uniq_crazy_yiuf_cottage

Action                   || total
-------------------------++-------
Melee: Spear             ||     8
       Dagger            ||     1
Armor: Robe              ||    19
Dodge: Dodged            ||    22
Block: Kite shield       ||    23
